 Dungeon Crawl Stone Soup version 0.28.0-45-g0d030f2227 (webtiles) character file.

Game seed: 10807282293372610075

114 Bliebski the Ducker (level 4, -3/35 HPs)
             Began as a Demonspawn Gladiator on Apr 16, 2022.
             Killed by nerve-wracking pain
             ... invoked by Grinder
              (14 damage)
             ... on level 3 of the Dungeon.
             The game lasted 00:04:41 (2472 turns).

Bliebski the Ducker (Demonspawn Gladiator)          Turns: 2472, Time: 00:04:41

Health: -3/35      AC:  4    Str: 17    XL:     4   Next: 66%
Magic:  6/6        EV: 13    Int:  9    God:
Gold:   120        SH:  0    Dex: 14    Spells: 5/5 levels left

rFire   . . .      SeeInvis .   a - +0 rapier
rCold   . . .      Faith    .   (no shield)
rNeg    . . .      Spirit   .   b - +0 leather armour
rPois   .          Reflect  .   c - +0 helmet
rElec   .          Harm     .   (no cloak)
rCorr   .          Rampage  .   (no gloves)
Will    .....                   (no boots)
Stlth   +.........              (no amulet)
HPRegen 0.11/turn               (no ring)
MPRegen 0.20/turn               (no ring)

@: no status effects
A: foul stench 1, magic regeneration
a: no special abilities


You were on level 3 of the Dungeon.
You visited 1 branch of the dungeon, and saw 3 of its levels.

You collected 120 gold pieces.

Inventory:

Hand Weapons
 a - a +0 rapier (weapon)
 m - a +0 hunting sling
Missiles
 d - 2 throwing nets (quivered)
 e - 2 javelins
 k - 44 stones
 l - 2 curare-tipped darts
 q - 4 boomerangs
Armour
 b - a +0 leather armour (worn)
 c - a +0 helmet (worn)
Magical Staves
 p - a staff of air
Scrolls
 f - a scroll of identify {unknown}
 g - a scroll of amnesia {unknown}
 h - a scroll of brand weapon {unknown}
 j - 2 scrolls of teleportation {unknown}
 o - a scroll of blinking {unknown}
 r - a scroll of immolation {unknown}
Potions
 i - 2 potions of curing {unknown}
 n - 2 potions of attraction {unknown}


   Skills:
 + Level 3.3 Fighting
 - Level 3.0 Short Blades
 - Level 2.0 Throwing
 + Level 3.6 Dodging
 + Level 1.4 Spellcasting


You had 5 spell levels left.
You didn't know any spells.
Your spell library was empty.

Dungeon Overview and Level Annotations

Branches:
Dungeon (3/15)

Altars:
Trog

Annotations:
D:2 Sigmund
D:3 Grinder


Innate Abilities, Weirdness & Mutations

You may rarely emit foul miasma when damaged in melee.
You regenerate magic rapidly.


Message History

Grinder comes into view.
Grinder shouts!
Grinder says, "Just stop there for a second..."
Grinder gestures at you. Pain shoots through your body!
Grinder is nearby!
Grinder is nearby!
Grinder closely misses you.
You closely miss Grinder. You punch Grinder.
Grinder is lightly wounded.
Grinder hits you but does no damage.
You hit Grinder.
Grinder is lightly wounded.
Grinder hits you.
You writhe in agony.
You hit Grinder but do no damage.
Grinder is lightly wounded.
Grinder hits you!
* * * LOW HITPOINT WARNING * * *
You are too injured to fight recklessly!
You are too injured to fight recklessly!
You are too injured to fight recklessly!
You are too injured to fight recklessly!
You are too injured to fight recklessly!
You hit Grinder but do no damage.
Grinder is lightly wounded.
Grinder barely misses you.
You puncture Grinder!
Grinder is moderately wounded.
Grinder closely misses you.
You hit Grinder.
Grinder is moderately wounded.
Grinder hits you but does no damage.
You barely miss Grinder.
Grinder is moderately wounded.
Grinder hits you but does no damage.
You barely miss Grinder.
Grinder is moderately wounded.
Grinder gestures at you. Pain shoots through your body!
You die...

##.# #. #.#
#..# #. #.#
######.######.
#.#
#.............
#.#
#.####.#######
#.# #.# #.#
#.# #.# #.#
#5# #.# #.#
#@###.# #.#
#.....# #.#
####### #.#
#.#


You could see Grinder.

Vanquished Creatures
  4 gnolls (D:3)
  2 adders (D:3)
  2 dart slugs
  A bat (D:1)
  3 endoplasms (D:1)
  6 giant cockroaches (D:1)
  5 goblins
  5 hobgoblins
  7 jackals
  2 quokkas
  3 ball pythons
  2 frilled lizards
  4 kobolds
  3 rats (D:1)
49 creatures vanquished.

Notes
Turn   | Place    | Note
-------+----------+-------------------------------------------
     0 | D:1      | Bliebski the Demonspawn Gladiator began the quest for the
                  | Orb.
     0 | D:1      | Reached XP level 1. HP: 16/16 MP: 1/1
   116 | D:1      | Gained mutation: You may rarely emit foul miasma when
                  | damaged in melee. [demonic ancestry]
   116 | D:1      | Reached XP level 2. HP: 22/22 MP: 2/2
   622 | D:1      | Gained mutation: You regenerate magic rapidly. [demonic
                  | ancestry]
   622 | D:1      | Reached XP level 3. HP: 28/28 MP: 3/3
   917 | D:1      | Found a faded altar of an unknown god.
  1328 | D:2      | Found a bloodstained altar of Trog.
  1650 | D:2      | Noticed Sigmund
  1983 | D:3      | Reached XP level 4. HP: 22/35 MP: 5/5
  1986 | D:3      | Reached skill level 1 in Spellcasting
  2463 | D:3      | Noticed Grinder
  2472 | D:3      | Killed from afar by Grinder

Illustrated notes

Levels and vault maps discovered:
D:1:      lemuel_arrival_behind_the_door_large, layout_loops_ring,
          hellmonk_ecumenical_altar_leap_of_faith, minmay_misc_feat_iff
D:2:      layout_rooms, serial_curves, eino_curves_01, eino_curves_03,
          basic_altar, minmay_tetromino_t2, uniq_sigmund
D:3:      layout_loops_ring, kennysheep_nub, uniq_grinder, uniq_jessica

Skill      XL: |  1  2  3  4 |
---------------+-------------+-----
Throwing       | 2 |  2.0
Dodging        | 3 |  3.6
Short Blades   | 3 |  3.0
Fighting       | 3 |  3.3
Spellcasting   | 1 |  1.4

Action                   |  1- 3 |  4- 6 || total
-------------------------+-------+-------++-------
Melee: Rapier            |   149 |    30 ||   179
       Punch             |     1 |     1 ||     2
Throw: Throwing net      |     1 |       ||     1
 Stab: Sleeping          |     1 |       ||     1
Armor: Leather armour    |    48 |     9 ||    57
Dodge: Dodged            |    78 |    16 ||    94
